Map: Ley Lines

Players

아틔시 - Winner!

  • Race: Protoss Protoss
  • Spawn Location: 7:00

ssdia

  • Race: Zerg Zerg
  • Spawn Location: 1:00

VOD

Have the link to the VOD?

Description

Time

  • Played on: July 22, 2025, 6:08 p.m.
  • Length: 8:27
Show
View Real Time Build Order
Export as new Build Order

아틔시 Protoss - Winner!

Build Orders: 1 Gate Expand, Oracle Opening 

Get SALT Encoding   

  12  0:00  Probe  
  13  0:12  Probe  
  14  0:19  Pylon  
  14  0:24  Probe  
  15  0:34  Probe  
  15  0:40  Gateway  
  15  0:42  Probe  
  16  0:46  Assimilator  
  17  0:51  Probe  
  18  1:03  Probe  
  19  1:15  Probe  
  20  1:25  Nexus  
  20  1:36  Cybernetics Core  
  20  1:38  Probe  
  21  1:45  Assimilator  
  21  1:51  Probe  
  22  1:54  Pylon  
  22  2:03  Probe, Adept  
  23  2:14  Stargate  
  25  2:17  Probe  
  26  2:28  Probe  
  27  2:34  Probe  
  27  2:35  Warp Gate, Adept  
  27  2:36  Probe  
  29  2:43  Probe  
  31  2:49  Probe  
  32  2:53  Probe  
  37  2:58  Oracle  
  37  3:01  Probe  
  38  3:06  Probe, Adept  
  38  3:11  Pylon  
  41  3:19  Gateway  
  41  3:20  Probe  
  41  3:23  Probe  
  43  3:32  Probe  
  44  3:35  Oracle  
  44  3:36  Probe  
  44  3:37  Adept  
  50  3:45  Probe  
  50  3:48  Probe  
  52  3:51  Pylon  
  52  3:53  Pylon  
  52  3:56  Twilight Council  
  52  4:11  Nexus  
  52  4:12  Resonating Glaives  
  52  4:15  Probe x2  
  54  4:21  Shield Battery  
  54  4:22  Gateway  
  54  4:23  Gateway  
  54  4:34  Pylon  
  54  4:39  Adept x2  
  54  4:40  Probe  
  54  4:41  Probe  
  60  4:45  Assimilator  
  60  4:53  Probe  
  60  4:54  Probe  
  60  4:56  Assimilator  
  60  4:59  Adept x2  
  66  5:05  Pylon  
  66  5:08  Probe x2  
  66  5:11  Pylon  
  66  5:12  Shield Battery  
  68  5:16  Shield Battery  
  68  5:20  Adept x4  
  76  5:29  Probe x3, Pylon  
  76  5:30  Forge  
  79  5:37  Probe x3  
  82  5:43  Protoss Ground Weapons Level 1  
  81  5:57  Probe x3  
  81  6:00  Gateway, Blink  
  81  6:03  Gateway  
  83  6:09  Probe x3  
  86  6:12  Stalker x3  
  86  6:17  Stalker  
  94  6:24  Probe  
  94  6:25  Probe x2  
  97  6:29  Assimilator  
  97  6:31  Assimilator, Pylon  
  97  6:36  Gateway  
  97  6:37  Gateway  
  97  6:38  Pylon x2  
  97  6:41  Probe x2  
  97  6:42  Probe  
  100  6:55  Stalker x4  
  108  7:02  Templar Archives  
  108  7:03  Pylon  
  108  7:05  Probe x2  
  108  7:06  Probe  
  111  7:16  Stalker x2  
  115  7:25  Stalker x4  
  123  7:31  Nexus  
  123  7:32  Photon Cannon  
  123  7:34  Pylon  
  123  7:36  Probe  
  123  7:37  Probe x2  
  125  7:41  Shield Battery  
  116  8:04  Stalker x8  
Show
View Real Time Build Order
Export as new Build Order

ssdia Zerg 

Build Orders: Hatch First 

Get SALT Encoding   

  12  0:00  Drone  
  13  0:12  Overlord  
  13  0:17  Drone  
  14  0:30  Drone x2  
  16  0:47  Hatchery  
  15  0:50  Drone  
  15  0:54  Drone  
  17  0:59  Drone  
  18  1:10  Extractor  
  17  1:14  Spawning Pool  
  17  1:17  Drone  
  17  1:19  Drone  
  18  1:30  Drone  
  19  1:49  Drone  
  19  1:51  Overlord  
  20  2:01  Queen x2  
  20  2:02  Zergling x4  
  26  2:16  Metabolic Boost  
  26  2:28  Drone  
  27  2:31  Drone  
  27  2:34  Hatchery  
  27  2:36  Drone  
  28  2:38  Drone  
  28  2:40  Drone  
  28  2:42  Drone  
  31  2:44  Drone  
  31  2:51  Overlord  
  32  3:01  Queen  
  34  3:08  Queen  
  36  3:16  Overlord  
  36  3:18  Drone x3  
  36  3:19  Drone  
  40  3:21  Drone  
  40  3:23  Drone  
  40  3:25  Drone  
  43  3:44  Drone x2  
  43  3:46  Spore Crawler  
  44  3:51  Zergling x8  
  44  3:52  Zergling x8  
  52  3:56  Spore Crawler  
  52  4:00  Drone  
  52  4:20  Zergling x10  
  52  4:21  Overlord  
  52  4:22  Overlord x3  
  57  4:26  Lair  
  57  4:30  Overlord  
  57  4:33  Spore Crawler  
  56  4:46  Queen  
  56  4:54  Drone x2  
  56  4:55  Drone x10  
  56  4:57  Drone  
  62  5:20  Drone  
  62  5:21  Drone x5  
  66  5:26  Drone  
  69  5:29  Drone x2  
  69  5:32  Evolution Chamber  
  70  5:36  Hatchery  
  69  5:47  Zergling x2  
  69  5:48  Zergling x12  
  70  6:02  Zergling x10  
  70  6:03  Zergling x4  
  69  6:08  Zerg Melee Weapons Level 1  
  69  6:09  Zergling x2  
  69  6:10  Zergling x2  
  54  6:23  Queen x3  
  54  6:25  Zergling x22  
  71  6:35  Drone  
  71  6:37  Drone  
  73  6:42  Overlord x2  
  67  6:59  Drone x12  
  79  7:09  Drone  
  79  7:10  Drone  
  79  7:13  Zergling x4  
  83  7:16  Drone  
  83  7:17  Infestation Pit, Drone  
  83  7:19  Zergling x16  
  83  7:21  Evolution Chamber  
  89  7:25  Drone  
  89  7:26  Drone x2  
  90  7:32  Drone  
  90  7:33  Spore Crawler  
  90  7:35  Drone x2  
  88  7:55  Zergling x26  
  79  8:04  Spore Crawler  
  74  8:08  Zergling x8  
Tags
 
Add a new tag
Caveats
  • Supply blocks, unpowered buildings, or Contaminate may cause inaccurate times.
  • Supply counts are checked every 10 seconds.